Map: Acid Plant LE

Players

LiquidTLO (TLO) - Winner!

  • Race: Zerg Zerg
  • Spawn Location: 11:00

JieShi

  • Race: Protoss Protoss
  • Spawn Location: 5:00

Event: WCS Austin 2018

VOD

Have the link to the VOD?

Description

Time

  • Played on: June 1, 2018, 10:30 p.m.
  • Length: 8:31

All games in this series

Show
View Real Time Build Order
Export as new Build Order

LiquidTLO Zerg - Winner!

Build Orders: Hatch First 

Get SALT Encoding   

  12  0:00  Drone  
  13  0:08  Drone  
  14  0:16  Overlord  
  14  0:35  Drone x2  
  16  0:47  Hatchery  
  15  0:52  Drone  
  15  0:55  Drone  
  17  0:58  Drone  
  18  1:05  Extractor  
  17  1:15  Spawning Pool  
  17  1:18  Drone  
  17  1:22  Drone  
  18  1:32  Drone  
  19  1:41  Drone  
  20  1:51  Drone  
  21  2:01  Queen  
  21  2:02  Queen, Zergling x2  
  21  2:04  Overlord  
  26  2:10  Drone  
  26  2:12  Drone  
  28  2:15  Metabolic Boost  
  28  2:33  Hatchery  
  28  2:37  Zergling x2  
  28  2:41  Queen  
  30  2:45  Zergling x2  
  30  2:49  Overlord  
  31  2:52  Drone  
  31  2:53  Drone  
  31  2:56  Drone  
  34  3:02  Drone  
  34  3:03  Overlord  
  35  3:08  Drone  
  35  3:11  Drone  
  35  3:12  Drone  
  38  3:14  Drone  
  38  3:17  Drone  
  40  3:21  Drone  
  40  3:22  Drone  
  41  3:27  Spore Crawler  
  41  3:30  Spore Crawler  
  41  3:31  Zergling x2  
  41  3:33  Zergling x2  
  41  3:40  Drone  
  40  3:42  Drone  
  40  3:47  Drone x3  
  40  3:48  Drone  
  44  3:54  Drone  
  44  3:55  Drone  
  46  3:58  Drone x2  
  46  3:59  Drone  
  46  4:00  Drone  
  46  4:02  Drone  
  51  4:08  Spore Crawler  
  51  4:09  Drone  
  50  4:10  Overlord  
  50  4:13  Drone  
  51  4:17  Overlord  
  51  4:19  Lair  
  51  4:30  Drone x6  
  51  4:31  Drone  
  58  4:34  Overlord  
  58  4:37  Zergling x4  
  60  4:38  Extractor  
  60  4:39  Drone  
  60  4:42  Drone  
  61  4:46  Extractor  
  61  4:47  Extractor  
  61  4:49  Drone  
  61  4:52  Roach Warren  
  59  4:53  Evolution Chamber, Drone x2  
  59  4:54  Drone  
  59  4:56  Drone x2  
  59  4:57  Drone  
  59  4:59  Zergling x2  
  65  5:00  Zergling x2  
  65  5:02  Drone x2  
  65  5:05  Zergling x2  
  65  5:07  Drone  
  70  5:08  Drone  
  70  5:09  Drone  
  70  5:11  Drone, Extractor  
  72  5:15  Queen  
  72  5:19  Zerg Missile Weapons Level 1  
  74  5:27  Overlord  
  74  5:31  Glial Reconstitution  
  74  5:34  Overlord x2  
  74  5:37  Pneumatized Carapace  
  74  5:46  Roach x3  
  74  5:47  Overlord, Roach  
  82  5:50  Overlord  
  82  5:52  Overseer  
  82  5:54  Roach x2  
  82  5:55  Drone  
  89  5:57  Roach x2  
  89  6:01  Roach  
  89  6:02  Roach  
  89  6:03  Roach  
  97  6:07  Overlord  
  97  6:10  Roach  
  99  6:13  Roach  
  99  6:16  Queen  
  103  6:20  Roach  
  103  6:22  Roach  
  103  6:23  Roach x3  
  103  6:25  Roach x2  
  117  6:26  Roach x2  
  121  6:35  Overlord x2  
  121  6:38  Overlord  
  121  6:40  Overlord  
  121  6:41  Overlord  
  121  6:44  Overlord  
  121  6:48  Overlord  
  121  6:51  Ravager  
  121  6:53  Queen  
  121  6:54  Roach  
  126  6:55  Roach  
  126  6:56  Roach x2  
  126  6:58  Roach  
  126  6:59  Roach x3, Ravager  
  126  7:00  Ravager  
  142  7:02  Roach  
  142  7:03  Roach  
  142  7:06  Roach  
  142  7:07  Ravager x3  
  150  7:10  Roach  
  150  7:11  Roach  
  150  7:13  Roach  
  150  7:15  Roach  
  154  7:16  Roach  
  154  7:18  Roach  
  154  7:20  Roach  
  154  7:21  Roach  
  152  7:24  Roach  
  152  7:26  Roach  
  152  7:27  Roach  
  146  7:30  Roach  
  146  7:34  Queen  
  146  7:35  Roach  
  148  7:41  Roach  
  148  7:43  Roach x2  
  151  7:44  Roach  
  151  7:46  Roach  
  151  7:47  Roach  
  153  7:53  Roach, Queen  
  153  7:54  Roach  
  153  7:58  Extractor  
  158  8:00  Drone, Hydralisk Den  
  158  8:02  Drone  
  159  8:06  Roach  
  159  8:07  Roach  
  159  8:10  Roach  
  159  8:12  Roach  
Show
View Real Time Build Order
Export as new Build Order

JieShi Protoss 

Build Orders: 1 Gate Expand, Oracle Opening, Phoenix Opening, Zealot Archon 

Get SALT Encoding   

  12  0:00  Probe  
  13  0:12  Probe  
  14  0:19  Pylon  
  14  0:24  Probe  
  15  0:34  Probe  
  15  0:38  Gateway  
  15  0:42  Probe  
  16  0:47  Assimilator  
  17  0:52  Probe  
  18  1:04  Probe  
  19  1:16  Probe  
  20  1:24  Nexus  
  20  1:33  Cybernetics Core  
  20  1:36  Probe  
  21  1:41  Assimilator  
  21  1:48  Probe  
  21  1:51  Pylon  
  22  2:00  Probe  
  23  2:01  Adept  
  23  2:12  Probe  
  26  2:16  Stargate  
  26  2:21  Adept  
  26  2:24  Probe, Warp Gate  
  27  2:33  Probe  
  30  2:38  Probe  
  30  2:41  Probe  
  31  2:47  Adept  
  31  2:50  Probe  
  31  2:51  Probe  
  35  2:54  Oracle  
  36  3:02  Probe  
  36  3:03  Probe  
  41  3:15  Probe x2  
  41  3:17  Pylon  
  42  3:27  Probe x2  
  44  3:35  Phoenix, Gateway  
  44  3:39  Probe  
  47  3:44  Probe  
  46  3:50  Assimilator, Probe  
  46  3:54  Assimilator  
  45  3:57  Probe  
  45  3:58  Robotics Facility, Probe  
  47  4:06  Probe  
  47  4:10  Probe  
  47  4:11  Twilight Council  
  47  4:13  Gateway  
  47  4:15  Gateway  
  49  4:18  Probe  
  49  4:19  Pylon  
  49  4:22  Probe  
  51  4:30  Probe  
  51  4:31  Pylon  
  52  4:32  Zealot  
  52  4:34  Warp Prism  
  52  4:35  Pylon  
  52  4:37  Probe  
  57  4:50  Templar Archives  
  57  5:03  Observer  
  57  5:04  Pylon, Nexus  
  58  5:22  Forge  
  58  5:24  Gateway  
  58  5:27  Gateway  
  58  5:33  Pylon  
  58  5:35  High Templar x4  
  62  5:37  Psionic Storm  
  62  5:39  Shield Battery  
  66  5:46  Probe x2  
  66  5:49  Pylon  
  68  5:57  Protoss Ground Weapons Level 1  
  68  5:58  Charge, Shield Battery  
  68  6:01  Observer, Pylon  
  68  6:11  Gateway, Immortal, Probe  
  68  6:12  Probe x2  
  68  6:13  Gateway  
  71  6:20  Probe  
  76  6:30  Probe  
  76  6:35  Zealot x3  
  76  6:36  Zealot  
  85  6:41  Photon Cannon  
  85  6:44  Immortal  
  85  6:45  High Templar x2  
  89  6:50  Archon, Photon Cannon  
  92  6:56  Zealot  
  92  7:01  Zealot x2  
  92  7:18  Zealot x3  
  84  7:24  Zealot x3, Immortal  
  75  7:31  Zealot x2  
  75  7:42  Zealot x3  
  79  7:47  Zealot x5  
  79  7:48  Zealot  
  70  7:54  Zealot, High Templar  
  70  7:55  Zealot x3  
  70  7:56  Zealot x3  
  85  8:09  Pylon  
  83  8:17  Zealot x4  
  77  8:24  Zealot x3  
  71  8:27  Zealot  
Tags
 
Add a new tag
Caveats
  • Supply blocks, unpowered buildings, or Contaminate may cause inaccurate times.
  • Supply counts are checked every 10 seconds.